 Dungeon Crawl Stone Soup version 0.16.0-18-g484a79e (webtiles) character file.

97 McCoppin the Skirmisher (level 4, -1/34 HPs)
             Began as an Octopode Fighter on Mar 23, 2015.
             Was an Initiate of Okawaru.
             Slain by a gnoll
             ... wielding a +0 halberd
              (12 damage)
             ... on level 3 of the Dungeon.
             The game lasted 00:05:02 (1998 turns).

McCoppin the Skirmisher (Octopode Fighter)          Turns: 1998, Time: 00:05:03

Health: -1/34      AC:  1    Str: 15    XL:     4   Next: 68%
Magic:  4/4        EV: 10    Int: 10    God:    Okawaru [......]
Gold:   105        SH:  8    Dex: 12    Spells: 0 memorised, 3 levels left

rFire  . . .     SeeInvis .     a - +0 long sword
rCold  . . .     Clarity  .     c - +0 shield
rNeg   . . .     SustAb   .     (helmet restricted)
rPois  .         Gourm    .     (no amulet)
rElec  .         Spirit   .     (no ring)
rCorr  .         Warding  .     (no ring)
rMut   .         Stasis   .     (no ring)
MR     .....                    (no ring)
Stlth  ++........               (no ring)
                                (no ring)
                                (no ring)
                                (no ring)

@: not resistant to hostile enchantments, unstealthy
A: almost no armour, amphibious, 8 rings, constrict 8, camouflage 1, gelatinous
body 1
a: Renounce Religion


You were on level 3 of the Dungeon.
You worshipped Okawaru.
Okawaru was noncommittal.
You were hungry.

You visited 1 branch of the dungeon, and saw 3 of its levels.

You collected 105 gold pieces.

Inventory:

Hand weapons
 a - a +0 long sword (weapon)
Armour
 c - a +0 shield (worn)
Magical devices
 l - a wand of flame (18)
Scrolls
 g - 2 scrolls of teleportation {unknown}
 h - a scroll of immolation {unknown}
 k - a scroll of magic mapping
 m - a scroll of enchant armour {unknown}
 o - 2 scrolls of noise {unknown}
Potions
 b - a potion of flight {unknown}
 e - 3 potions of might
 i - a potion of lignification
 j - a potion of curing
 n - a potion of berserk rage {unknown}
Comestibles
 d - 2 bread rations
 f - 3 beef jerkies


   Skills:
 + Level 4.4 Fighting
 + Level 3.3 Long Blades
 - Level 3.0 Dodging
 - Level 3.0 Shields


You had 3 spell levels left.
You didn't know any spells.

Dungeon Overview and Level Annotations

Branches:
Dungeon (3/15)

Altars:
Gozag
Makhleb
Nemelex Xobeh
Okawaru
Trog
The Shining One


Innate Abilities, Weirdness & Mutations

You cannot wear most types of armour.
You are amphibious.
You can wear up to eight rings at the same time.
You can use your tentacles to constrict many enemies at once.
Your skin changes colour to match your surroundings (Stealth).
Your rubbery body absorbs attacks (AC +1).


Message History

You see here 16 gold pieces.
The gnoll shouts!
Found 9 gold pieces.
You closely miss the gnoll. You grab the gnoll.
You constrict the gnoll, but do no damage.
You block the gnoll's attack. The gnoll hits you.
A gnoll comes into view. It is wielding a halberd.
You hit the gnoll but do no damage. You constrict the gnoll.
The gnoll hits you.
You hit the gnoll.
The gnoll is severely wounded.
You constrict the gnoll.
You kill the gnoll!
Okawaru accepts your kill.
The gnoll hits you from afar with a halberd!
You are too injured to fight recklessly!
You are too injured to fight recklessly!
You are too injured to fight recklessly!
The gnoll hits you with a halberd!
You die...

# #. .. #. #.# #### #.
#.# #..
##.####.#######.#####
####...%.......##.......
.$...<.........##..#####
#...$.......##..#
#..g@.$.........### #
#.#.##............# # #.
#......##.##.# # #.
#.........##.### #.
#.##.#######.... #.
#.##[# ........ #.
#.##.# ####### #. #.##)#
#... . #.##.# #...


You could see a gnoll.

Vanquished Creatures
  2 adders
  3 gnolls (D:3)
  A worm (D:2)
  2 giant geckos
  An ooze (D:1)
  An orc (D:3)
  2 ball pythons
  2 bats (D:2)
  3 giant cockroaches
  5 goblins
  4 hobgoblins
  3 kobolds
  4 giant newts
  11 rats
44 creatures vanquished.

Notes
Turn   | Place    | Note
--------------------------------------------------------------
     0 | D:1      | McCoppin, the Octopode Fighter, began the quest for the Orb.
     0 | D:1      | Reached XP level 1. HP: 16/16 MP: 1/1
     5 | D:1      | Found a glowing golden altar of the Shining One.
   286 | D:1      | Reached XP level 2. HP: 10/21 MP: 2/2
   899 | D:2      | Reached XP level 3. HP: 25/27 MP: 3/3
   972 | D:2      | Found an opulent altar of Gozag.
   972 | D:2      | Found a burning altar of Makhleb.
   972 | D:2      | Found a sparkling altar of Nemelex Xobeh.
  1066 | D:2      | Reached skill level 4 in Fighting
  1268 | D:2      | Found an iron altar of Okawaru.
  1276 | D:2      | Became a worshipper of Warmaster Okawaru
  1594 | D:2      | Found a bloodstained altar of Trog.
  1622 | D:3      | Reached XP level 4. HP: 18/33 MP: 4/4
  1998 | D:3      | Slain by a gnoll

Action                   |  1- 3 |  4- 6 || total
-------------------------+-------+-------++-------
Melee: Long sword        |    68 |    16 ||    84
  Use: Scroll            |       |     3 ||     3
 Stab: Sleeping          |     6 |       ||     6
  Eat: Beef jerky        |     1 |       ||     1
       Chunk             |     1 |       ||     1
